 Dungeon Crawl Stone Soup version 0.29-a0-780-g652cadfb38 (webtiles) character file.

Game seed: 776003742772350609

243 Lekart the Chopper (level 5, -1/47 HPs)
             Began as a Draconian Fighter on July 2, 2022.
             Killed by nerve-wracking pain
             ... invoked by an orc priest
              (9 damage)
             ... on level 3 of the Dungeon.
             The game lasted 00:03:09 (2798 turns).

Lekart the Chopper (Draconian Fighter)              Turns: 2798, Time: 00:03:10

Health: -1/47      AC:  6    Str: 20    XL:     5   Next: 82%
Magic:  5/5        EV: 12    Int:  8    God:
Gold:   134        SH:  4    Dex: 11    Spells: 4/4 levels left

rFire   . . .      SeeInvis .   a - +0 war axe
rCold   . . .      Faith    .   b - +0 buckler
rNeg    . . .      Spirit   .   (body armour unavailable)
rPois   .          Reflect  .   l - +1 hat
rElec   .          Harm     .   n - scarf {repulsion}
rCorr   .          Rampage  .   (no gloves)
Will    .....                   (no boots)
Stlth   +.........              (no amulet)
HPRegen 0.15/turn               (no ring)
MPRegen 0.09/turn               (no ring)

@: repel missiles
A: AC +5, unfitting armour, cold-blooded
a: no special abilities


You were on level 3 of the Dungeon.
You visited 1 branch of the dungeon, and saw 3 of its levels.

You collected 134 gold pieces.

Inventory:

Hand Weapons
 a - a +0 war axe (weapon)
Armour
 b - a +0 buckler (worn)
 l - a +1 hat (worn)
 n - a scarf of repulsion (worn)
Wands
 o - a wand of flame (12)
Scrolls
 d - a scroll of noise {unknown}
 e - a scroll of blinking
 k - a scroll of enchant weapon {unknown}
 m - a scroll of fear {unknown}
 p - a scroll of silence {unknown}
Potions
 c - a potion of might
 f - a potion of curing
 g - 2 potions of magic {unknown}
 h - 2 potions of heal wounds {unknown}
 i - a potion of flight {unknown}
 j - a potion of mutation {unknown}
 q - a potion of haste {unknown}
 r - a potion of lignification {unknown}


   Skills:
 + Level 4.3 Fighting
 + Level 4.4 Axes
 + Level 3.7 Dodging
 + Level 3.4 Shields


You had 4 spell levels left.
You didn't know any spells.
Your spell library contained the following spells:

 Spells                   Type           Power      Damage    Failure   Level
 Ensorcelled Hibernation  Hex/Ice        0%         N/A       65%         2
 Ozocubu's Armour         Ice            0%         N/A       86%         3
 Spider Form              Tmut/Pois      0%         N/A       86%         3
 Anguish                  Hex/Necr       0%         N/A       99%         4
 Ozocubu's Refrigeration  Ice            0%         4d5       100%        7


Dungeon Overview and Level Annotations

Branches:
Dungeon (3/15)

Altars:


Innate Abilities, Weirdness & Mutations

Your plain brown scales are hard. (AC +5)
You cannot fit into any form of body armour.
You are cold-blooded and may be slowed by cold attacks.


Message History

a +0 whip; 5 stones You open the door.
There is an open door here.
There is an open door here.
You see here a bat skeleton.
You open the door.
There is an open door here.
Found a stone staircase leading up.
No target in view!
There is an open door here.
Key pressed, stopping explore.
No target in view!
There is an open door here.
An orc and an orc priest come into view.
The orc shouts!
The orc priest mumbles some strange prayers to Beogh against you.
Pain shoots through your body!
There are monsters nearby!
An orc priest comes into view. It is wielding a +0 dagger.
The orc priest shouts!
You hear a shout!
An orc comes into view. It is wielding a +0 club.
There are monsters nearby!
An orc priest comes into view.
It is wielding a +0 hand axe and wearing a +2 leather armour of cold resistance.
The orc priest shouts!
The orc barely misses you.
The orc priest invokes the aid of Beogh against you.
Beogh smites you!
You hit the orc but do no damage. The orc hits you with a +0 whip.
You slash the orc priest!
The orc priest is almost dead.
You hit the orc. The orc hits you but does no damage.
The orc priest invokes the aid of Beogh against you.
Beogh smites you!
The orc priest calls down the wrath of Beogh upon you.
Beogh smites you!
* * * LOW HITPOINT WARNING * * *
The orc closely misses you.
The orc priest invokes the aid of Beogh against you.
Pain shoots through your body!
You die...

####÷##### #...............#*≈
#.###### #................#≈
#......# #................##
#......# #................##
#......# #.................,
#......# #..............,,,,
####......#####..............,,,,
...'......'..................,,,,
####......#####.@oo.o........,,,,
# ######## #..o...).......,,,, #
#......).......,,,, #
#....o.........,,,, #
#..............,,,, #
##..............,,,,
#...............,,,,
#######'###...........,,,,
#..##.....##..........,,,,


You could see 3 orc priests and 2 orcs.

Vanquished Creatures
  A scorpion (D:3)
  A howler monkey (D:3)
  4 gnolls (D:3)
  6 adders
  3 orcs
  7 ball pythons
  6 endoplasms
  3 giant cockroaches
  3 goblins
  6 hobgoblins
  3 quokkas
  5 bats
  A frilled lizard (D:1)
  3 kobolds
  4 rats
56 creatures vanquished.

Notes
Turn   | Place    | Note
-------+----------+-------------------------------------------
     0 | D:1      | Lekart the Draconian Fighter began the quest for the Orb.
     0 | D:1      | Reached XP level 1. HP: 19/19 MP: 1/1
   153 | D:1      | Reached XP level 2. HP: 24/26 MP: 2/2
   935 | D:2      | Reached XP level 3. HP: 31/31 MP: 3/3
  1402 | D:2      | You fall into a shaft and drop 1 floor!
  1572 | D:3      | Reached XP level 4. HP: 24/40 MP: 4/4
  2083 | D:3      | Reached XP level 5. HP: 8/46 MP: 5/5
  2798 | D:3      | Killed from afar by an orc priest

Illustrated notes

Levels and vault maps discovered:
D:1:      dpeg_arrival_rhombi, layout_basic, minivault_11
D:2:      layout_loops_ring, chequers_ecumenical_altar_lobes,
          corexii_corridor_pit, moated_statue, grunt_decor_one_mirror
D:3:      minmay_chambers_of_threes, layout_basic, kennysheep_flooded_box,
          chequers_serial_rivers_small_3

Skill      XL: |  1  2  3  4  5 |
---------------+----------------+-----
Dodging        | 3 |  3.7
Axes           | 3 4 |  4.4
Fighting       | 4 |  4.3
Shields        | |  3.4

Action                   |  1- 3 |  4- 6 || total
-------------------------+-------+-------++-------
Melee: War axe           |    84 |    82 ||   166
       Tailslap          |     6 |     7 ||    13
  Use: Scroll            |     6 |       ||     6
 Stab: Sleeping          |       |     1 ||     1
Armor: Skin              |    23 |    24 ||    47
Dodge: Dodged            |    53 |    62 ||   115
Block: Buckler           |    14 |    13 ||    27

Table legend: (Time is in decaauts)
 A = Elapsed time spent in this place.
 B = Non-inter-level travel time spent in this place.
 C = Inter-level travel time spent in this place.
 D = Time resting spent in this place.
 E = Time spent auto-exploring this place.
 F = Levels seen in this place.
 G = Mean time per level.
                   A        B        C        D        E       F      G
               +--------+--------+--------+--------+--------+-----+--------+
         Total |   2866 |   2854 |     12 |    100 |   2288 |   3 |  955.3 |
       Dungeon |   2866 |   2854 |     12 |    100 |   2288 |   3 |  955.3 |
               +--------+--------+--------+--------+--------+-----+--------+

Top non-repeatable levels by time:
     D:3: 1432 daAuts
     D:2: 724 daAuts
     D:1: 709 daAuts
